 Dungeon Crawl Stone Soup version 0.29-a0-214-g17f627cfee (webtiles) character file.

Game seed: 2233440903097615000

46 Hasart the Bolt Thrower (level 3, -1/29 HPs)
             Began as a Demigod Hunter on Feb 24, 2022.
             Slain by an adder (2 damage)
             ... on level 2 of the Dungeon.
             The game lasted 00:01:13 (1027 turns).

Hasart the Bolt Thrower (Demigod Hunter)            Turns: 1027, Time: 00:01:14

Health: -1/29      AC:  3    Str: 13    XL:     3   Next: 26%
Magic:  5/5        EV: 12    Int: 13    God:
Gold:   23         SH:  0    Dex: 18    Spells: 2/2 levels left

rFire   . . .      SeeInvis .   a - +1 hand crossbow
rCold   . . .      Faith    .   (no shield)
rNeg    . . .      Spirit   .   b - +0 leather armour
rPois   .          Reflect  .   (no helmet)
rElec   .          Harm     .   (no cloak)
rCorr   .          Rampage  .   (no gloves)
Will    .....                   (no boots)
Stlth   ++........              (no amulet)
HPRegen 0.09/turn               (no ring)
MPRegen 0.09/turn               (no ring)

@: no status effects
A: high MP 1, forlorn, divine attributes
a: no special abilities


You were on level 2 of the Dungeon.
You visited 1 branch of the dungeon, and saw 2 of its levels.

You collected 23 gold pieces.

Inventory:

Hand Weapons
 a - a +1 hand crossbow (weapon)
Armour
 b - a +0 leather armour (worn)
Jewellery
 c - a ring of wizardry
Scrolls
 d - a scroll of enchant armour {unknown}
 e - 2 scrolls of identify {unknown}
 f - 3 scrolls of teleportation {unknown}
 j - a scroll of amnesia {unknown}
 k - a scroll of vulnerability {unknown}
Potions
 g - a potion of resistance {unknown}
 h - a potion of flight {unknown}
 i - a potion of might {unknown}


   Skills:
 + Level 2.2 Fighting
 * Level 4.1 Crossbows
 + Level 2.2 Dodging
 + Level 1.6 Stealth


You had 2 spell levels left.
You didn't know any spells.
Your spell library was empty.

Dungeon Overview and Level Annotations

Branches:
Dungeon (2/15)


Innate Abilities, Weirdness & Mutations

You have an increased reservoir of magic. (+10% MP)
You shall have no god before yourself.
Your divine heritage dramatically boosts your attributes as you level up.


Message History

Unknown command.
Shoot: a) +1 hand crossbow
Press: ? - help, Q - select action Shift-Dir - straight line, f/p - adder
Aim: an adder (lightly wounded, 51% to hit)
You shoot a bolt. The bolt hits the adder.
The adder is moderately wounded.
The adder bites you.
You are poisoned.
The adder poisons you!
Shoot: a) +1 hand crossbow
Press: ? - help, Q - select action Shift-Dir - straight line, f/p - adder
Aim: an adder (moderately wounded, 51% to hit)
You shoot a bolt.
The bolt hits the adder but does no damage.
The adder is moderately wounded.
You feel sick. The adder barely misses you. The adder closely misses you.
Shoot: a) +1 hand crossbow
Press: ? - help, Q - select action Shift-Dir - straight line, f/p - adder
Aim: an adder (moderately wounded, 51% to hit)
You shoot a bolt. The bolt barely misses the adder.
You feel sick. The adder barely misses you.
The adder bites you but does no damage.
Unknown command.
Shoot: a) +1 hand crossbow
Press: ? - help, Q - select action Shift-Dir - straight line, f/p - adder
Aim: an adder (moderately wounded, 51% to hit)
You shoot a bolt. The bolt hits the adder.
The adder is heavily wounded.
You feel sick. The adder barely misses you.
Unknown command.
Shoot: a) +1 hand crossbow
Press: ? - help, Q - select action Shift-Dir - straight line, f/p - adder
Aim: an adder (heavily wounded, 51% to hit)
You shoot a bolt. The bolt misses the adder.
You feel sick.
You are no longer poisoned.
The adder bites you.
* * * LOW HITPOINT WARNING * * *
The adder bites you.
You die...

.......#
......# ......#
..... .)..
######## #..
#......# #S#
#......# #@#
#.#......####†#
#.#......'....#
#.#......######
. #.#......# .#
#.######.# ..
#.######.#
#.##.#......#
.......######


You could see an adder.

Vanquished Creatures
  A hound (D:2)
  A worm (D:2)
  3 endoplasms (D:1)
  2 goblins (D:2)
  A hobgoblin (D:1)
  3 jackals (D:1)
  A kobold (D:1)
  A ball python (D:1)
  A rat (D:1)
14 creatures vanquished.

Notes
Turn   | Place    | Note
-------+----------+-------------------------------------------
     0 | D:1      | Hasart the Demigod Hunter began the quest for the Orb.
     0 | D:1      | Reached XP level 1. HP: 17/17 MP: 3/3
   336 | D:1      | Reached skill level 1 in Stealth
   440 | D:1      | Reached XP level 2. HP: 23/24 MP: 4/4
  1005 | D:2      | Reached skill level 4 in Crossbows
  1005 | D:2      | Reached XP level 3. HP: 15/29 MP: 5/5
  1027 | D:2      | HP: 1/29 [adder (2)]
  1027 | D:2      | Slain by an adder

Illustrated notes

Levels and vault maps discovered:
D:1:      dpeg_arrival_lava_altar, layout_basic,
          shapermc_ecumenical_altar_notcrosses
D:2:      layout_basic, kennysheep_generic_room_9

Skill      XL: |  1  2 |
---------------+-------+-----
Stealth        | 1 |  1.6
Dodging        | 2 |  2.2
Fighting       | 2 |  2.2
Crossbows      | 4 |  4.1

Action                   || total
-------------------------++-------
 Fire: Hand crossbow     ||    50
Armor: Leather armour    ||     4
Dodge: Dodged            ||    21

Table legend: (Time is in decaauts)
 A = Elapsed time spent in this place.
 B = Non-inter-level travel time spent in this place.
 C = Inter-level travel time spent in this place.
 D = Time resting spent in this place.
 E = Time spent auto-exploring this place.
 F = Levels seen in this place.
 G = Mean time per level.
                   A        B        C        D        E       F      G
               +--------+--------+--------+--------+--------+-----+--------+
         Total |   1044 |   1004 |     40 |      0 |    904 |   2 |  522.0 |
       Dungeon |   1044 |   1004 |     40 |      0 |    904 |   2 |  522.0 |
               +--------+--------+--------+--------+--------+-----+--------+

Top non-repeatable levels by time:
     D:1: 816 daAuts
     D:2: 227 daAuts
